 Dungeon Crawl Stone Soup version 0.22-a0-455-ga0624bf (webtiles) character file.

40 xccam the Ruffian (level 3, 0/28 HPs)
             Began as a Draconian Transmuter on June 5, 2018.
             Splashed by a jelly's acid (7 damage)
             ... on level 1 of the Dungeon.
             The game lasted 00:01:33 (647 turns).

xccam the Ruffian (Draconian Transmuter)             Turns: 647, Time: 00:01:33

Health: 0/28       AC: -3    Str: 17    XL:     3   Next: 30%
Magic:  5/6        EV: 12    Int: 19    God:
Gold:   19         SH:  0    Dex: 11    Spells: 5/6 levels left

rFire    . . .     SeeInvis .     - Unarmed
rCold    . . .     Gourm    .   (no shield)
rNeg     . . .     Faith    .   (armour unavailable)
rPois    .         Spirit   .   (helmet restricted)
rElec    .         Reflect  .   (no cloak)
rCorr    .         Harm     .   (no gloves)
MR       .....                  (boots currently unavailable)
Stlth    +.........             (no amulet)
HPRegen  0.09/turn              (no ring)
MPRegen  0.10/turn              (no ring)

@: mighty, brilliant, appendage, corroded
A: unfitting armour, talons 3, cold-blooded, AC +5
a: End Transformation


You were on level 1 of the Dungeon.
You were not hungry.
You had grown temporary talons.
You visited 1 branch of the dungeon, and saw 1 of its levels.

You collected 19 gold pieces.

Inventory:

Missiles
 a - 12 arrows
Scrolls
 e - 2 scrolls of identify {unknown}
 f - 2 scrolls of fog {unknown}
 g - a scroll of enchant weapon {unknown}
 h - a scroll of teleportation {unknown}
Comestibles
 c - 2 rations


   Skills:
 - Level 1.1 Fighting
 - Level 1.7 Dodging
 + Level 3.3 Unarmed Combat
 + Level 2.4 Spellcasting
 * Level 3.0 Transmutations


You had 5 spell levels left.
You knew the following spells:

 Your Spells              Type           Power        Failure   Level  Hunger
a - Beastly Appendage     Tmut           ####..       1%          1    #......

Your spell library contained the following spells:

 Spells                   Type           Power        Failure   Level  Hunger
 Spider Form              Tmut/Pois      ###.......   3%          3    ###....
 Blade Hands              Tmut           ####......   13%         5    ######.
 Ice Form                 Ice/Tmut       ###.....     10%         4    #####..
 Sticks to Snakes         Tmut           ####....     1%          2    ##.....


Dungeon Overview and Level Annotations

Branches:
Dungeon (1/15)

Altars:


Innate Abilities, Weirdness & Mutations

Your plain brown scales are hard. (AC +5)
You cannot fit into any form of body armour.
You are cold-blooded and may be slowed by cold attacks.
You have claws for feet.


Message History

You punch the jelly!
Your hands burn!
The jelly is heavily wounded.
The jelly misses you.
You hit the jelly but do no damage. The acid corrodes you!
Your hands burn!
* * * LOW HITPOINT WARNING * * *
The jelly is moderately wounded.
The jelly barely misses you.
You aren't carrying any items that you can evoke.
It was a potion of brilliance.
You feel clever all of a sudden.
Your talons disappear.
The jelly barely misses you.
It was a potion of might.
You feel very mighty all of a sudden. The jelly misses you.
Casting: Beastly Appendage (safe; 1% risk of failure)
Confirm with . or Enter, or press ? or * to list all spells.
Your feet morph into talons.
The jelly hits you.
* * * LOW HITPOINT WARNING * * *
The acid corrodes you!
You are splashed with acid!
The acid burns!
You die...

....#............................
.............###################.
..............................##.
.....##...........)......####.##.
.....##.###'#######'###..# #.##.
..#####.#..⌠...>...⌠..#..# #.##.
..# #.#......<......#..# #.##.
..# #.+⌠....###....⌠'.## #.##.
..# #.#.......@.....#.# #.##. ..#
#.#######J#######.# #....
..#####.# ...wJshw...#.# ##...
........#.....sJJs....#.# #...
..>.....#......r......#.# #...
........###############.# #...
........................# #...
.........##########..#########...
########## #.......#......


You could see 2 worms, a jelly, 3 oozes, a jackal, 3 giant cockroaches and a
rat.

Vanquished Creatures
  2 oozes (D:1)
  4 dart slugs (D:1)
  A leopard gecko (D:1)
  5 giant cockroaches (D:1)
  A hobgoblin (D:1)
  A jackal (D:1)
  2 bats (D:1)
  A frilled lizard (D:1)
  2 goblins (D:1)
  2 kobolds (D:1)
  3 rats (D:1)
24 creatures vanquished.

Notes
Turn   | Place    | Note
-------+----------+-------------------------------------------
     0 | D:1      | xccam the Draconian Transmuter began the quest for the Orb.
     0 | D:1      | Reached XP level 1. HP: 16/16 MP: 3/3
     1 | D:1      | Found a runed door.
   102 | D:1      | Reached XP level 2. HP: 23/23 MP: 5/5
   404 | D:1      | Reached XP level 3. HP: 23/28 MP: 6/6
   647 | D:1      | Splashed by a jelly's acid

Vault maps used:
D:1:      dpeg_arrival_caged_fury

Skill      XL: |  1  2  3 |
---------------+----------+-----
Transmutations | 3 |  3.0
Fighting       | |  1.1
Dodging        | |  1.7
Unarmed Combat | |  3.3
Spellcasting   | |  2.4

Action                   || total
-------------------------++-------
Melee: Unarmed           ||    88
       Tailslap          ||     9
       Kick              ||     8
 Cast: Beastly Appendage ||     4
  Use: Potion            ||     2
Armor: Skin              ||    27
Dodge: Dodged            ||    52

Table legend:
 A = Spawn XP
 B = Non-spawn XP
 C = Spawn XP percentage of total XP
 D = Spawn monster count
 E = Non-spawn monster count
 F = Spawn count percentage of total count
 G = Total turns spent on level
                    A         B        C        D         E        F      G
               +---------+---------+-------+---------+---------+-------+---------
         Total |       0 |      58 |   0.0 |       0 |      24 |   0.0 |   647
               +---------+---------+-------+---------+---------+-------+---------
           D:1 |       0 |      58 |   0.0 |       0 |      24 |   0.0 |   647
               +---------+---------+-------+---------+---------+-------+---------
